 Dungeon Crawl Stone Soup version 0.26-b1-32-g5d43845 (webtiles) character file.

Game seed: 4001105687490473472

936 bogs101 the Arsonist (level 7, -5/36 HPs)
             Began as a Deep Elf Hedge Wizard on Jan 11, 2021.
             Killed by miscasting Mephitic Cloud (10 damage)
             ... on level 6 of the Dungeon.
             The game lasted 00:17:18 (6672 turns).

bogs101 the Arsonist (Deep Elf Hedge Wizard)        Turns: 6672, Time: 00:17:19

Health: -5/36      AC:  3    Str:  7    XL:     7   Next: 87%
Magic:  12/15      EV: 13    Int: 21    God:
Gold:   285        SH:  0    Dex: 14    Spells: 5/14 levels left

rFire    . . .     SeeInvis .   w - +1 arbalest (freeze)
rCold    . . .     Faith    .   (shield currently unavailable)
rNeg     . . .     Spirit   .   b - +0 robe
rPois    .         Reflect  .   c - +0 hat
rElec    .         Harm     .   (no cloak)
rCorr    .         Rampage  .   (no gloves)
Will     .....                  s - +0 pair of boots
Stlth    ++........             (no amulet)
HPRegen  0.12/turn              (no ring)
MPRegen  0.14/turn              (no ring)

@: very slightly contaminated
A: no striking features
a: no special abilities


You were on level 6 of the Dungeon.
You visited 2 branches of the dungeon, and saw 7 of its levels.
You also visited: Sewer.

You collected 285 gold pieces.

Inventory:

Hand Weapons
 a - a +0 dagger
 k - a +0 short sword of draining
 w - a +1 arbalest of freezing (weapon)
Missiles
 f - 29 arrows
 j - 101 sling bullets
 u - 8 poisoned darts
 F - 28 bolts (quivered ammo)
Armour
 b - a +0 robe (worn)
 c - a +0 hat (worn)
 s - a +0 pair of boots (worn)
 D - a +1 hat
Jewellery
 h - an uncursed ring of ice {unknown}
 m - an uncursed ring of stealth
 t - an uncursed amulet of magic regeneration {unknown}
 y - a cursed amulet of inaccuracy {unknown}
 B - an uncursed ring of ice {unknown}
Scrolls
 d - 7 scrolls of teleportation
 g - a scroll of enchant weapon {unknown}
 i - a scroll of enchant armour {unknown}
 p - 4 scrolls of blinking {unknown}
 r - a scroll of noise {unknown}
 v - 2 scrolls of immolation {unknown}
 x - a scroll of remove curse {unknown}
 A - 3 scrolls of identify
 E - 3 scrolls of fear {unknown}
Potions
 e - 3 potions of haste
 l - 2 potions of lignification {unknown}
 n - 2 potions of curing
 o - 4 potions of heal wounds {unknown}
 q - 3 potions of might {unknown}
 z - 2 potions of resistance {unknown}
 C - a potion of mutation {unknown}


   Skills:
 - Level 2.4 Dodging
 - Level 2.4 Stealth
 - Level 4.4 Spellcasting
 - Level 5.6 Conjurations
 - Level 1.1 Summonings
 - Level 1.1 Translocations
 * Level 8.0 Fire Magic


You had 5 spell levels left.
You knew the following spells:

 Your Spells              Type           Power        Failure   Level
a - Magic Dart            Conj           100%         1%          1
b - Blink                 Tloc           N/A          11%         2
c - Conjure Flame         Conj/Fire      33%          1%          3
d - Mephitic Cloud        Conj/Pois/Air  12%          16%         3

Your spell library contained the following spells:

 Spells                   Type           Power        Failure   Level
 Call Imp                 Summ           9%           11%         2
 Slow                     Hex            4%           17%         2


Dungeon Overview and Level Annotations

Branches:
Dungeon (6/15)             Temple (1/1) D:6           Sewer (visited)

Altars:
Ashenzari
Cheibriados
Dithmenos
Elyvilon
Fedhas
Gozag
Hepliaklqana
Makhleb
Nemelex Xobeh
Qazlal
Ru
Uskayaw
Wu Jian
Xom
Yredelemnul
Zin

Annotations:
D:2 exclusion: downstairs
D:4 exclusion: 2 downstairs
D:5 exclusion: downstairs
D:6 Hienro's ghost, novice GnAr


Message History

* * * LOW HITPOINT WARNING * * *
Your surroundings suddenly seem different.
An ogre comes into view. It is wielding a +0 giant club.
The ogre shouts!
The ogre closely misses you.
Found a ring mail, a scale mail and a scroll labelled OFOCASHOONIR.
Found an escape hatch in the floor.
The centaur unwields a +0 mace.
The centaur wields a +0 shortbow.
The centaur shoots an arrow.
The arrow closely misses you.
You see here an arrow.
The centaur shoots an arrow.
The arrow closely misses you.
Casting: Magic Dart (safe; 1% risk of failure)
Confirm with . or Enter, or press ? or * to list all spells.
The spell is quite dangerous to cast (16% risk of failure)!
Continue anyway?
Aiming: Mephitic Cloud (quite dangerous; 16% risk of failure)
Press: ? - help, Shift-Dir - straight line You miscast Mephitic Cloud.
You are very lightly contaminated with residual magic.
You are blasted with magical energy!
You die...

############
#.......>..#
#.......[..#
#..........#
##
#........[.#
#.
#..........#
#.
#((O.......#
###.
#@...?.....#
#...
#..........#
#...
#..........#
.....
...........#
.#.##
.............
#...
....c..######
.....# #.# ..
........#
..##.. ...
#:.
.......<.#
##....# #.#
.... .....#
#...#..


You could see an ogre and a centaur.

Vanquished Creatures
  Duvessa (D:5)
  An ogre (D:4)
  A phantom (D:4)
  Dowan (D:5)
  2 scorpions
  A howler monkey (D:5)
  A hound (D:4)
  An orc priest (D:3)
  A jelly (D:5)
  A bullfrog skeleton (D:4)
  An orc wizard (D:3)
  4 worker ants
  A hound skeleton (D:6)
  A worker ant zombie (D:5)
  2 gnolls (D:6)
  8 adders
  2 river rats (Sewer)
  3 oozes
  A worm (D:6)
  2 dart slugs
  2 leopard geckos
  3 orcs
  3 giant cockroaches
  7 goblins
  6 hobgoblins
  6 jackals
  3 quokkas
  7 ball pythons
  6 bats
  7 frilled lizards (Sewer)
  A jackal zombie (D:5)
  6 kobolds
  A leopard gecko skeleton (D:4)
  7 rats
101 creatures vanquished.

Notes
Turn   | Place    | Note
-------+----------+-------------------------------------------
     0 | D:1      | bogs101 the Deep Elf Hedge Wizard began the quest for the
                  | Orb.
     0 | D:1      | Reached XP level 1. HP: 10/10 MP: 7/7
   188 | D:1      | Reached XP level 2. HP: 15/15 MP: 6/9
   208 | D:1      | Learned a level 2 spell: Blink
  1030 | D:2      | Reached XP level 3. HP: 16/19 MP: 2/10
  2239 | D:3      | Reached XP level 4. HP: 24/24 MP: 9/12
  2822 | D:3      | Reached skill level 5 in Conjurations
  3019 | D:3      | Reached XP level 5. HP: 21/28 MP: 7/13
  3023 | D:3      | Learned a level 3 spell: Conjure Flame
  3027 | D:3      | Learned a level 3 spell: Mephitic Cloud
  3397 | D:4      | Noticed a phantom
  3408 | D:4      | Killed a phantom
  3409 | D:4      | Reached skill level 3 in Fire Magic
  3525 | D:4      | Reached XP level 6. HP: 32/32 MP: 7/14
  3735 | D:4      | Reached skill level 4 in Fire Magic
  4008 | D:4      | Reached skill level 5 in Fire Magic
  4443 | D:5      | Entered Level 5 of the Dungeon
  4499 | D:5      | Found a glowing drain.
  4507 | Sewer    | Entered a sewer
  4771 | Sewer    | Reached XP level 7. HP: 24/36 MP: 8/15
  5010 | D:5      | Reached skill level 6 in Fire Magic
  5222 | D:5      | Noticed Duvessa
  5273 | D:5      | Noticed Dowan
  5644 | D:5      | Killed Duvessa
  5645 | D:5      | Reached skill level 7 in Fire Magic
  5842 | D:5      | Killed Dowan
  6103 | D:6      | Noticed Hienro's ghost (novice GnAr)
  6312 | D:6      | Found a staircase to the Ecumenical Temple.
  6342 | Temple   | Entered the Ecumenical Temple
  6636 | D:6      | Reached skill level 8 in Fire Magic
  6672 | D:6      | Killed by miscasting Mephitic Cloud

Illustrated notes

Levels and vault maps discovered:
D:1:      dpeg_arrival_rooms_with_view, layout_loops_ring,
          chequers_serial_rivers_large_b, minmay_shallow_snake_nest
D:2:      layout_rooms, minmay_small_reverse_x
D:3:      layout_loops_ring
D:4:      minmay_general_purpose_star, layout_cave_pools, kennysheep_boxes
D:5:      layout_cave_pools, portal_sewer_entry_b, hex_large, uniq_duvessa
D:6:      layout_basic, minitemple, minmay_temple_entry_ruins,
          hellmonk_ghost_happy_afterlife
Temple:   compressed_dpeg_circular_temple

Skill      XL: |  1  2  3  4  5  6  7 |
---------------+----------------------+-----
Conjurations   | 2 3 4 5 |  5.6
Fire Magic     | 3 5 8 |  8.0
Dodging        | |  2.4
Stealth        | |  2.4
Spellcasting   | |  4.4
Summonings     | |  1.1
Translocations | |  1.1

Action                   |  1- 3 |  4- 6 |  7- 9 || total
-------------------------+-------+-------+-------++-------
Melee: Short sword       |     7 |       |       ||     7
 Fire: Arbalest          |       |       |    15 ||    15
Throw: Dart              |       |       |     3 ||     3
 Cast: Magic Dart        |    88 |   111 |    99 ||   298
       Blink             |     3 |       |       ||     3
       Mephitic Cloud    |       |     2 |     4 ||     6
       Conjure Flame     |       |     2 |     1 ||     3
  Use: Scroll            |       |       |     4 ||     4
       Potion            |       |       |     1 ||     1
Armor: Robe              |     5 |     4 |     2 ||    11
Dodge: Dodged            |    17 |     9 |    25 ||    51
